 Dungeon Crawl Stone Soup version 0.31-a0-564-g3b7de120b3 (webtiles) character file.

Game seed: 10146246751414667155

223 freelancePsychic the Shooter (level 5, -1/41 HPs)
             Began as a Demonspawn Shapeshifter on Aug 17, 2023.
             Was an Initiate of Okawaru.
             Slain by a sky beast (6 damage)
             ... on level 3 of the Dungeon.
             The game lasted 00:03:38 (1713 turns).

freelancePsychic the Shooter (DsSh)                 Turns: 1713, Time: 00:03:38

Health: -1/41      AC:  5    Str: 15    XL:     5   Next: 66%
Magic:  5/5        EV: 12    Int:  9    God:    Okawaru [......]
Gold:   143        SH:  0    Dex: 16    Spells: 4/4 levels left

rFire   . . .        i - +0 orcbow
rCold   . . .        (shield currently unavailable)
rNeg    . . .        j - +0 leather armour
rPois   .            (helmet currently unavailable)
rElec   .            (cloak currently unavailable)
rCorr   .            (gloves currently unavailable)
SInv    .            (boots currently unavailable)
Will    .....        (no amulet)
Stlth   +            (no ring)
HPRegen 0.26/turn    (no ring)
MPRegen 0.09/turn

%: no passive effects
@: beast-form
A: beast (slay +2), hooves 1, icy blue scales 1, foul stench 1
a: Begin Untransformation, Renounce Religion


You were on level 3 of the Dungeon.
You worshipped Okawaru.
Okawaru was noncommittal.
You were a hulking beast.
You visited 1 branch of the dungeon, and saw 3 of its levels.

You collected 143 gold pieces.

Inventory:

Hand Weapons
 i - a +0 orcbow (weapon)
Armour
 a - a +0 animal skin
 j - a +0 leather armour (worn)
Talismans
 c - a beast talisman (active)
 d - a flux talisman
Wands
 k - a wand of polymorph (1)
Scrolls
 e - a scroll of immolation {unknown}
 l - a scroll of revelation
 m - a scroll of noise {unknown}
 n - a scroll of identify {@r1}
 o - a scroll of teleportation {@r4}
Potions
 b - 2 potions of lignification
 f - a potion of brilliance {unknown}
 g - 3 potions of curing {unknown}
 h - a potion of attraction {unknown}


   Skills:
 + Level 3.2 Fighting
 * Level 3.5 Ranged Weapons
 - Level 1.7 Dodging
 - Level 2.9 Unarmed Combat
 - Level 3.0 Shapeshifting


You had 4 spell levels left.
You didn't know any spells.
Your spell library contained the following spells:

 Spells                   Type           Power      Damage    Failure   Level
 Kiss of Death            Conj/Necr      0%         2d5       45%         1
 Sandblast                Erth           0%         2d4       45%         1
 Passwall                 Tmut/Erth      0%         N/A       58%         2
 Poisonous Vapours        Pois/Air       0%         N/A       58%         2
 Confusing Touch          Hex            0%         N/A       83%         3
 Mephitic Cloud           Conj/Pois/Air  0%         N/A       83%         3
 Stone Arrow              Conj/Erth      0%         3d7       83%         3
 Dispel Undead            Necr           0%         3d6       99%         4
 Freezing Cloud           Conj/Ice/Air   0%         6-21      100%        5


Dungeon Overview and Level Annotations

Branches:
Dungeon (3/15)

Altars:
Okawaru

Shops:
D:2 ?

Annotations:
D:2 Terence
D:3 1 runed translucent door, GoodGuyCap's ghost, weakling OpDe


Innate Abilities, Weirdness & Mutations

You are a hulking beast.
Your limbs bulge with bestial killing power. (Slay +2)
You have large cloven feet.
You are partially covered in icy blue scales. (AC +2)
You may rarely emit foul miasma when damaged in melee.


Message History

Aim: an ogre, wielding a +0 giant club (will become a hound, a sky beast, or a worm, chance to affect: 49%)
The ogre resists with some effort.
Aiming: Polymorph
Press: ? - help, Shift-Dir - straight line, f/p - ogre
Aim: an ogre, wielding a +0 giant club (will become a hound, a sky beast, or a worm, chance to affect: 49%)
The ogre evaporates and reforms as a sky beast!
The sky beast hits you. The sky beast shocks you.
You shoot an arrow. The arrow hits the sky beast.
The sky beast is moderately wounded.
The sky beast closely misses you.
You shoot an arrow.
The arrow completely misses the sky beast.
The sky beast hits you but does no damage.
The sky beast closely misses you.
You shoot an arrow. The arrow hits the sky beast.
The sky beast is moderately wounded.
The sky beast hits you but does no damage.
You shoot an arrow. The arrow misses the sky beast.
The sky beast closely misses you.
You shoot an arrow. The arrow misses the sky beast.
The sky beast closely misses you.
The sky beast hits you but does no damage.
You shoot an arrow. The arrow hits the sky beast!
The sky beast is severely wounded.
The sky beast flickers out of sight!
Deactivating autopickup; reactivate with Ctrl-A.
Something hits you but does no damage.
You shoot an arrow. Something hits you but does no damage.
You shoot an arrow. Something hits you. Something shocks you.
Something hits you but does no damage.
You shoot an arrow. Something hits you but does no damage.
You shoot an arrow. Something hits you but does no damage.
You shoot an arrow. Something hits you. Something shocks you.
Something hits you. Something shocks you.
You shoot an arrow. Something hits you. Something shocks you.
* * * LOW HITPOINT WARNING * * *
Something hits you.
* * * LOW HITPOINT WARNING * * *
Something shocks you.
You die...

.###.....####.# #####.##
... #### #######.## #...
......... #... ..:......
#... #.......# #...
#######.{...... #...
#......h#############...
........'.........†.....
#.......#############...
#.......# #... #.......#
#... #.......# #.[.
#.......# #... #...†...#
#... #.......# #...


There were no monsters in sight!

Vanquished Creatures
  Sigmund (D:2)
  3 adders
  A worm (D:2)
  3 dart slugs
  3 endoplasms
  2 goblins (D:1)
  2 hobgoblins (D:1)
  3 jackals (D:1)
  A quokka (D:1)
  9 ball pythons
  3 bats (D:2)
  2 frilled lizards (D:2)
  3 kobolds
  3 rats
39 creatures vanquished.

Notes
Turn   | Place    | Note
-------+----------+-------------------------------------------
     0 | D:1      | freelancePsychic the Demonspawn Shapeshifter began the
                  | quest for the Orb.
     0 | D:1      | Reached XP level 1. HP: 15/15 MP: 1/1
   153 | D:1      | Gained mutation: You may rarely emit foul miasma when
                  | damaged in melee. [demonic ancestry]
   153 | D:1      | Reached XP level 2. HP: 21/21 MP: 2/2
   510 | D:2      | Gained mutation: You are partially covered in icy blue
                  | scales. (AC +2) [demonic ancestry]
   510 | D:2      | Reached XP level 3. HP: 27/27 MP: 3/3
   510 | D:2      | Noticed Terence
   532 | D:2      | Reached skill level 1 in Ranged Weapons
   644 | D:2      | Noticed Sigmund
   901 | D:2      | Killed Sigmund
   902 | D:2      | Gained mutation: You have large cloven feet. [demonic
                  | ancestry]
   902 | D:2      | Reached XP level 4. HP: 35/35 MP: 4/4
   902 | D:2      | Reached XP level 5. HP: 41/41 MP: 5/5
   989 | D:2      | Found an iron altar of Okawaru.
  1001 | D:2      | Became a worshipper of Warmaster Okawaru
  1143 | D:2      | Found Emmuj's Magic Scroll Emporium.
  1421 | D:3      | Noticed an ogre
  1491 | D:3      | Found a runed translucent door.
  1491 | D:3      | Noticed GoodGuyCap's ghost (weakling OpDe)
  1700 | D:3      | an ogre changed into a sky beast
  1700 | D:3      | Noticed a sky beast
  1713 | D:3      | Slain by a sky beast

Illustrated notes

Levels and vault maps discovered:
D:1:      minmay_arrival_three_doors, layout_rooms
D:2:      layout_loops_ring, basic_altar, serial_shops, nicolae_shop_rolled_up,
          uniq_sigmund, uniq_terence
D:3:      layout_basic, gammafunk_ghost_grave

Skill      XL: |  1  2  3 |
---------------+----------+-----
Shapeshifting  | 3 |  3.0
Ranged Weapons | 3 |  3.5
Fighting       | 3 |  3.2
Dodging        | |  1.7
Unarmed Combat | |  2.9

Action                     |  1- 3 |  4- 6 || total
---------------------------+-------+-------++-------
  Melee: Unarmed           |    51 |       ||    51
   Fire: Orcbow            |    46 |    25 ||    71
  Evoke: Wand              |       |     3 ||     3
    Use: Scroll            |     1 |     1 ||     2
 Armour: Animal skin       |    14 |       ||    14
         Leather armour    |     4 |     9 ||    13
  Dodge: Dodged            |    56 |     6 ||    62

Table legend: (Time is in decaauts)
 A = Elapsed time spent in this place.
 B = Non-inter-level travel time spent in this place.
 C = Inter-level travel time spent in this place.
 D = Time resting spent in this place.
 E = Time spent auto-exploring this place.
 F = Levels seen in this place.
 G = Mean time per level.
                   A        B        C        D        E       F      G
               +--------+--------+--------+--------+--------+-----+--------+
         Total |   1724 |   1646 |     78 |      0 |   1294 |   3 |  574.7 |
       Dungeon |   1724 |   1646 |     78 |      0 |   1294 |   3 |  574.7 |
               +--------+--------+--------+--------+--------+-----+--------+

Top non-repeatable levels by time:
     D:2: 933 daAuts
     D:1: 505 daAuts
     D:3: 285 daAuts
